APP
BOSTON (APP) RED SOX @ GREAT FALLS VOYAGERS
10/12/2044
 
TOP OF THE 1ST
Pulaski Yankees batting - Pitching for Great Falls Voyagers : LHP Bairei Taira
Pitching: LHP Bairei Taira
Batting: LHB Aaron Caron 0-0: SINGLE (Groundball, 13S, EV 60.6 MPH) (infield hit)
Batting: LHB Jelle Meppelink 0-0: Called Strike
0-1: Ball
1-1: Swinging Strike
1-2: Ball
2-2: Foul Ball, location: 2F
2-2: Ball
3-2: Foul Ball, location: 2F
3-2: Base on Balls
Aaron Caron to second
Batting: LHB Yao-pang Tien 0-0: Ball
1-0: Called Strike
1-1: Swinging Strike
1-2: Ball
2-2: Strikes out swinging
Batting: RHB Bryan Shackelford 0-0: Ball
Aaron Caron steals 3rd base (no throw)
Jelle Meppelink to second
1-0: Ball
2-0: Ball
3-0: Base on Balls
Batting: RHB Victor Quinones 0-0: Ball
1-0: SINGLE (Groundball, 6MD, EV 111.9 MPH)
Aaron Caron scores
Jelle Meppelink to third
Bryan Shackelford to second
Runner from 3rd tries for Home, SAFE, throw by CF to home
Batting: RHB Stephen Charbonneau 0-0: Ball
1-0: Foul Ball, location: 2F
1-1: Foul Ball, location: 2F
1-2: Ball
2-2: Hit by Pitch
Bryan Shackelford to third
Victor Quinones to second
Batting: RHB Eric Blais 0-0: GRAND SLAM HOME RUN (Flyball, 7D, EV 93.8 MPH), Distance : 377 ft
Batting: RHB David Rodriquez 0-0: Swinging Strike
0-1: Foul Ball, location: 2F
0-2: Ball
1-2: Ball
2-2: Ball
3-2: Base on Balls
Pitching: LHP Elijah Carter
Batting: SHB Ramon Landeros 0-0: Called Strike
0-1: Swinging Strike
0-2: Strikes out swinging
Batting: LHB Aaron Caron 0-0: Swinging Strike
0-1: Swinging Strike
0-2: Ball
1-2: Foul Ball, location: 2F
1-2: SINGLE (Groundball, 4MD, EV 96.3 MPH)
David Rodriquez to second
Batting: LHB Jelle Meppelink 0-0: Ball
1-0: Called Strike
1-1: Called Strike
1-2: Ball
2-2: Foul Ball, location: 2F
2-2: Foul Ball, location: 2F
2-2: Ball
3-2: Base on Balls
David Rodriquez to third
Aaron Caron to second
Batting: LHB Yao-pang Tien 0-0: Ball
1-0: Called Strike
1-1: Foul Ball, location: 2F
1-2: Ball
2-2: Ball
3-2: Fly out, F3 (Line Drive, 3, EV 70.6 MPH)
Top of the 1st over - 6 runs, 4 hits, 0 errors, 3 left on base; Pulaski 6 - Great Falls 0
BOTTOM OF THE 1ST
Great Falls Voyagers batting - Pitching for Pulaski Yankees : LHP Juan Becerra
Pitching: LHP Juan Becerra
Batting: RHB Bobby Trosclair 0-0: Ground out 5-3 (Groundball, 56S, EV 89.4 MPH)
Batting: LHB Luis Flores 0-0: Foul Ball, location: 2F
0-1: Called Strike
0-2: Ball
1-2: Strikes out swinging
Batting: LHB Adrian Cruz 0-0: Called Strike
0-1: Ball
1-1: Ball
2-1: Ball
3-1: Base on Balls
Batting: RHB C.J. Chandler 0-0: Ball
1-0: Called Strike
1-1: Ball
2-1: Ball
3-1: Called Strike
3-2: Ground out 5-3 (Groundball, 56S, EV 86.9 MPH)
Bottom of the 1st over - 0 runs, 0 hits, 0 errors, 1 left on base; Pulaski 6 - Great Falls 0
TOP OF THE 2ND
Pulaski Yankees batting - Pitching for Great Falls Voyagers : LHP Elijah Carter
Batting: RHB Bryan Shackelford 0-0: Ball
1-0: Ball
2-0: Swinging Strike
2-1: Swinging Strike
2-2: Ball
3-2: Foul Ball, location: 2F
3-2: SOLO HOME RUN (Flyball, 7LD, EV 96.9 MPH), Distance : 345 ft
Batting: RHB Victor Quinones 0-0: Ball
1-0: Ball
2-0: TRIPLE (Flyball, 89XD, EV 108.8 MPH)
Batting: RHB Stephen Charbonneau 0-0: Ball
1-0: Ball
2-0: Ball
Wild Pitch!
Victor Quinones scores
3-0: Base on Balls
Batting: RHB Eric Blais 0-0: Ball
1-0: Ball
Wild Pitch!
Stephen Charbonneau to second
2-0: Swinging Strike
2-1: Foul Ball, location: 2F
2-2: Strikes out swinging
Batting: RHB David Rodriquez 0-0: Called Strike
0-1: Ball
1-1: Fly out, F2 (Popup, 13S, EV 91.3 MPH)
Batting: SHB Ramon Landeros 0-0: Swinging Strike
0-1: Called Strike
0-2: Ball
1-2: Strikes out swinging
Top of the 2nd over - 2 runs, 2 hits, 0 errors, 1 left on base; Pulaski 8 - Great Falls 0
BOTTOM OF THE 2ND
Great Falls Voyagers batting - Pitching for Pulaski Yankees : LHP Juan Becerra
Batting: RHB David Torres 0-0: Ball
1-0: Ball
2-0: Ball
3-0: Called Strike
3-1: Foul Ball, location: 2F
3-2: SINGLE (Groundball, 56D, EV 105.6 MPH)
Batting: RHB Brian Harris 0-0: Foul Ball, location: 2F
0-1: Swinging Strike
0-2: Fly out, F8 (Flyball, 8LS, EV 90.6 MPH)
Batting: RHB Tim Russell 0-0: Called Strike
0-1: Called Strike
0-2: Ball
1-2: Foul Ball, location: 2F
1-2: Ball
2-2: Strikes out swinging
Batting: RHB Orlando Blanco 0-0: Ball
1-0: Foul Ball, location: 2F
1-1: Ball
2-1: Called Strike
2-2: Ball
3-2: Foul Ball, location: 2F
3-2: Base on Balls
David Torres to second
Batting: RHB Brian Marut 0-0: Ball
1-0: SINGLE (Line Drive, 4D, EV 96.3 MPH)
David Torres to third
Orlando Blanco to second
Runner from 3rd tries for Home, throw by RF and OUT! 9-2
Bottom of the 2nd over - 0 runs, 2 hits, 0 errors, 2 left on base; Pulaski 8 - Great Falls 0
TOP OF THE 3RD
Pulaski Yankees batting - Pitching for Great Falls Voyagers : LHP Elijah Carter
Batting: LHB Aaron Caron 0-0: Swinging Strike
0-1: Ball
1-1: Ball
2-1: Ball
3-1: Called Strike
3-2: Foul Ball, location: 2F
3-2: Base on Balls
Pitching: RHP Elias Rojas
Batting: LHB Jelle Meppelink 0-0: Ball
1-0: Fly out, F5 (Line Drive, 5, EV 74.4 MPH)
Batting: LHB Yao-pang Tien 0-0: Ball
1-0: Swinging Strike
1-1: Fly out, F3 (Popup, 34S, EV 77.5 MPH)
Batting: RHB Bryan Shackelford 0-0: Ball
1-0: Ball
2-0: Ball
Wild Pitch!
Aaron Caron to second
3-0: Base on Balls
Batting: RHB Victor Quinones 0-0: Called Strike
0-1: Foul Ball, location: 2F
0-2: Fly out, F8 (Flyball, 8LS, EV 92.5 MPH)
Top of the 3rd over - 0 runs, 0 hits, 0 errors, 2 left on base; Pulaski 8 - Great Falls 0
BOTTOM OF THE 3RD
Great Falls Voyagers batting - Pitching for Pulaski Yankees : LHP Juan Becerra
Batting: RHB Bobby Trosclair 0-0: Called Strike
0-1: Called Strike
0-2: Foul Ball, location: 2F
0-2: Foul Ball, location: 2F
0-2: Ball
1-2: Strikes out swinging
Batting: LHB Luis Flores 0-0: Foul Ball, location: 2F
0-1: Ball
1-1: Called Strike
1-2: Foul Ball, location: 2F
1-2: Ball
2-2: Foul Ball, location: 2F
2-2: Ball
3-2: Ground out 5-3 (Groundball, 5, EV 106.3 MPH)
Batting: LHB Adrian Cruz 0-0: Ball
1-0: Ball
2-0: Called Strike
2-1: Called Strike
2-2: Strikes out swinging
Bottom of the 3rd over - 0 runs, 0 hits, 0 errors, 0 left on base; Pulaski 8 - Great Falls 0
TOP OF THE 4TH
Pulaski Yankees batting - Pitching for Great Falls Voyagers : RHP Elias Rojas
Batting: RHB Stephen Charbonneau 0-0: Ball
1-0: Called Strike
1-1: SINGLE (Line Drive, 8RS, EV 110.0 MPH)
Batting: RHB Eric Blais 0-0: Ball
1-0: Called Strike
1-1: Ball
2-1: DOUBLE (Flyball, 78D, EV 91.3 MPH)
Stephen Charbonneau to third
Batting: RHB David Rodriquez 0-0: Foul Ball, location: 2F
0-1: Ball
1-1: Fly out, F7 (Flyball, 7LDF, EV 99.4 MPH)
Runner from 3rd tags up, SCORES, no throw by LF
Batting: SHB Ramon Landeros 0-0: Ball
Wild Pitch!
Eric Blais to third
1-0: Ball
2-0: Ball
3-0: Called Strike
3-1: Foul Ball, location: 2F
3-2: Ground out U3 (Groundball, 3, EV 106.3 MPH)
Batting: LHB Aaron Caron 0-0: Foul Ball, location: 2F
0-1: Foul Ball, location: 2F
0-2: Ball
1-2: Ball
2-2: Ball
3-2: SINGLE (Line Drive, 6MD, EV 102.5 MPH)
Eric Blais scores
Pitching: RHP Tom Phipps
Batting: LHB Jelle Meppelink 0-0: Ball
1-0: Swinging Strike
1-1: Ball
2-1: Swinging Strike
2-2: Ball
3-2: Base on Balls
Aaron Caron to second
Batting: LHB Yao-pang Tien 0-0: Foul Ball, location: 2F
0-1: Called Strike
0-2: Ball
1-2: Fly out, F8 (Line Drive, 8LD, EV 101.9 MPH)
Top of the 4th over - 2 runs, 3 hits, 0 errors, 2 left on base; Pulaski 10 - Great Falls 0
BOTTOM OF THE 4TH
Great Falls Voyagers batting - Pitching for Pulaski Yankees : LHP Juan Becerra
Batting: RHB C.J. Chandler 0-0: Ball
1-0: Ground out 6-3 (Groundball, 6, EV 86.3 MPH)
Batting: RHB David Torres 0-0: Ball
1-0: Called Strike
1-1: DOUBLE (Line Drive, 78XD, EV 105.0 MPH)
Batting: RHB Brian Harris 0-0: Called Strike
0-1: Called Strike
0-2: Ball
1-2: Foul Ball, location: 2F
1-2: Strikes out swinging
Batting: RHB Tim Russell 0-0: Foul Ball, location: 2F
0-1: Ball
1-1: Fly out, F8 (Flyball, 89D, EV 96.3 MPH)
Bottom of the 4th over - 0 runs, 1 hit, 0 errors, 1 left on base; Pulaski 10 - Great Falls 0
TOP OF THE 5TH
Pulaski Yankees batting - Pitching for Great Falls Voyagers : RHP Tom Phipps
Batting: RHB Bryan Shackelford 0-0: Ball
1-0: DOUBLE (Line Drive, 9LM, EV 103.8 MPH)
Batting: RHB Victor Quinones 0-0: Foul Ball, location: 2F
0-1: Called Strike
0-2: Strikes out looking
Batting: RHB Stephen Charbonneau 0-0: Ball
1-0: Ground out 5-3 (Groundball, 56, EV 109.4 MPH)
Batting: RHB Eric Blais 0-0: Swinging Strike
0-1: Swinging Strike
0-2: Foul Ball, location: 2F
0-2: Ball
1-2: Foul Ball, location: 2F
1-2: Strikes out looking
Top of the 5th over - 0 runs, 1 hit, 0 errors, 1 left on base; Pulaski 10 - Great Falls 0
BOTTOM OF THE 5TH
Great Falls Voyagers batting - Pitching for Pulaski Yankees : LHP Juan Becerra
Batting: RHB Orlando Blanco 0-0: SINGLE (Groundball, 4, EV 91.9 MPH) (infield hit)
Batting: RHB Brian Marut 0-0: Ball
1-0: Foul Ball, location: 2F
1-1: Foul Ball, location: 2F
1-2: Foul Ball, location: 2F
1-2: SINGLE (Groundball, 34D, EV 104.4 MPH)
Orlando Blanco to second
Orlando Blanco to third
Batting: RHB Bobby Trosclair 0-0: Swinging Strike
0-1: Called Strike
0-2: Ball
1-2: Foul Ball, location: 2F
1-2: Strikes out swinging
Batting: LHB Luis Flores 0-0: Called Strike
0-1: Called Strike
0-2: Ball
1-2: Strikes out swinging
Batting: LHB Adrian Cruz 0-0: Swinging Strike
0-1: Swinging Strike
0-2: Ball
1-2: Strikes out looking
Bottom of the 5th over - 0 runs, 2 hits, 0 errors, 2 left on base; Pulaski 10 - Great Falls 0
TOP OF THE 6TH
Pulaski Yankees batting - Pitching for Great Falls Voyagers : RHP Tom Phipps
Batting: RHB David Rodriquez 0-0: Called Strike
0-1: Swinging Strike
0-2: Strikes out swinging
Batting: SHB Ramon Landeros 0-0: Foul Ball, location: 2F
0-1: Foul Ball, location: 2F
0-2: Ball
1-2: Ball
2-2: Strikes out swinging
Batting: LHB Aaron Caron 0-0: Ball
1-0: Ball
2-0: Ball
3-0: Base on Balls
Batting: LHB Jelle Meppelink 0-0: SINGLE (Flyball, 3D, EV 98.1 MPH)
Aaron Caron to second
Batting: LHB Yao-pang Tien 0-0: Swinging Strike
0-1: Ball
1-1: Ball
2-1: Ball
3-1: Base on Balls
Aaron Caron to third
Jelle Meppelink to second
Batting: RHB Bryan Shackelford 0-0: Ball
1-0: Foul Ball, location: 2F
1-1: Ball
2-1: Ball
3-1: Base on Balls
Aaron Caron scores
Jelle Meppelink to third
Yao-pang Tien to second
Pitching: LHP Mark Boyd
Batting: RHB Victor Quinones 0-0: Ball
1-0: Ball
2-0: Ball
3-0: Base on Balls
Jelle Meppelink scores
Yao-pang Tien to third
Bryan Shackelford to second
Batting: RHB Stephen Charbonneau 0-0: Ball
1-0: Fly out, F8 (Line Drive, 8LM, EV 94.4 MPH)
Top of the 6th over - 2 runs, 1 hit, 0 errors, 3 left on base; Pulaski 12 - Great Falls 0
BOTTOM OF THE 6TH
Great Falls Voyagers batting - Pitching for Pulaski Yankees : LHP Juan Becerra
Batting: RHB C.J. Chandler 0-0: Ball
1-0: Called Strike
1-1: Ground out 5-3 (Groundball, 56S, EV 90.0 MPH)
Batting: RHB David Torres 0-0: Foul Ball, location: 2F
0-1: Ball
1-1: Foul Ball, location: 2F
1-2: Strikes out swinging
Batting: RHB Brian Harris 0-0: Called Strike
0-1: Ball
1-1: Swinging Strike
1-2: Strikes out looking
Bottom of the 6th over - 0 runs, 0 hits, 0 errors, 0 left on base; Pulaski 12 - Great Falls 0
TOP OF THE 7TH
Pulaski Yankees batting - Pitching for Great Falls Voyagers : LHP Mark Boyd
Batting: RHB Eric Blais 0-0: Ground out 6-3 (Groundball, 6, EV 89.4 MPH)
Batting: RHB David Rodriquez 0-0: Ball
1-0: Swinging Strike
1-1: Foul Ball, location: 2F
1-2: Ball
2-2: Strikes out swinging
Batting: SHB Ramon Landeros 0-0: Foul Ball, location: 2F
0-1: Ball
1-1: Swinging Strike
1-2: Ball
2-2: Foul Ball, location: 2F
2-2: Ball
3-2: Strikes out looking
Top of the 7th over - 0 runs, 0 hits, 0 errors, 0 left on base; Pulaski 12 - Great Falls 0
BOTTOM OF THE 7TH
Great Falls Voyagers batting - Pitching for Pulaski Yankees : LHP Juan Becerra
Batting: RHB Tim Russell 0-0: Called Strike
0-1: Ball
1-1: Foul Ball, location: 2F
1-2: Ball
2-2: Strikes out swinging
Batting: RHB Orlando Blanco 0-0: Called Strike
0-1: SINGLE (Groundball, 4, EV 84.4 MPH) (infield hit)
Batting: RHB Brian Marut 0-0: Called Strike
0-1: Called Strike
0-2: Foul Ball, location: 2F
0-2: Fly out, F8 (Flyball, 78D, EV 94.4 MPH)
Pinch Hitting: LHB Eric Perry 0-0: Ball
1-0: Ball
2-0: SINGLE (Groundball, 4MD, EV 95.0 MPH)
Orlando Blanco to second
Batting: LHB Luis Flores 0-0: Ball
1-0: Foul Ball, location: 2F
1-1: Swinging Strike
1-2: Strikes out swinging
Bottom of the 7th over - 0 runs, 2 hits, 0 errors, 2 left on base; Pulaski 12 - Great Falls 0
TOP OF THE 8TH
Pulaski Yankees batting - Pitching for Great Falls Voyagers : LHP Mark Boyd
Now in LF: Eric Perry
Pinch Hitting: LHB Roald Jacobs 0-0: Foul Ball, location: 2F
0-1: Ground out 4-3 (Groundball, 4, EV 80.0 MPH)
Batting: LHB Jelle Meppelink 0-0: Ball
1-0: Called Strike
1-1: Ball
2-1: Swinging Strike
2-2: Foul Ball, location: 2F
2-2: Strikes out looking
Pinch Hitting: RHB Barry White 0-0: Ball
1-0: Swinging Strike
1-1: Ball
2-1: Swinging Strike
2-2: Ball
3-2: Foul Ball, location: 2F
3-2: Strikes out swinging
Top of the 8th over - 0 runs, 0 hits, 0 errors, 0 left on base; Pulaski 12 - Great Falls 0
BOTTOM OF THE 8TH
Great Falls Voyagers batting - Pitching for Pulaski Yankees : LHP Juan Becerra
Now at 1B: Tony Johnson
Now in RF: Roald Jacobs
Batting: LHB Adrian Cruz 0-0: Foul Ball, location: 2F
0-1: Ball
1-1: Ball
2-1: Foul Ball, location: 2F
2-2: Ground out 5-3 (Groundball, 56S, EV 70.6 MPH)
Batting: RHB C.J. Chandler 0-0: Ball
1-0: Foul Ball, location: 2F
1-1: Foul Ball, location: 2F
1-2: Fly out, F4 (Flyball, 4MD, EV 91.3 MPH)
Batting: RHB David Torres 0-0: Ball
1-0: Ball
2-0: SINGLE (Groundball, 56D, EV 105.0 MPH)
Batting: RHB Brian Harris 0-0: Ball
1-0: Ball
2-0: SINGLE (Groundball, 56D, EV 98.8 MPH)
David Torres to second
Batting: RHB Tim Russell 0-0: Called Strike
0-1: Ground out 1-3 (Groundball, 34S, EV 86.3 MPH)
Bottom of the 8th over - 0 runs, 2 hits, 0 errors, 2 left on base; Pulaski 12 - Great Falls 0
TOP OF THE 9TH
Pulaski Yankees batting - Pitching for Great Falls Voyagers : LHP Mark Boyd
Pitching: RHP Javon Walker
Batting: RHB Bryan Shackelford 0-0: Ball
1-0: Ball
2-0: Ball
3-0: Called Strike
3-1: Ground out 6-3 (Groundball, 6M, EV 78.1 MPH)
Batting: RHB Victor Quinones 0-0: Foul Ball, location: 2F
0-1: Called Strike
0-2: Ball
1-2: Strikes out swinging
Batting: RHB Stephen Charbonneau 0-0: Ball
1-0: Ball
2-0: Called Strike
2-1: SINGLE (Groundball, 4MD, EV 108.8 MPH)
Batting: RHB Eric Blais 0-0: Called Strike
0-1: Ball
1-1: Ball
Wild Pitch!
Stephen Charbonneau to second
2-1: Swinging Strike
2-2: Ball
3-2: Base on Balls
Batting: RHB David Rodriquez 0-0: Fly out, F9 (Flyball, 9S, EV 91.3 MPH)
Top of the 9th over - 0 runs, 1 hit, 0 errors, 2 left on base; Pulaski 12 - Great Falls 0
BOTTOM OF THE 9TH
Great Falls Voyagers batting - Pitching for Pulaski Yankees : LHP Juan Becerra
Batting: RHB Orlando Blanco 0-0: Ball
1-0: Foul Ball, location: 2F
1-1: Ground out 1-3 (Groundball, 13S, EV 73.1 MPH)
Batting: RHB Brian Marut 0-0: Foul Ball, location: 2F
0-1: Foul Ball, location: 2F
0-2: Ball
1-2: Ball
2-2: Ball
3-2: Foul Ball, location: 2F
3-2: Foul Ball, location: 2F
3-2: Base on Balls
Batting: LHB Eric Perry 0-0: Swinging Strike
0-1: DOUBLE (Line Drive, 78D, EV 111.9 MPH)
Brian Marut to third
Pinch Hitting: RHB Dustin Dulski 0-0: Ball
1-0: Foul Ball, location: 2F
1-1: DOUBLE (Line Drive, 9LM, EV 97.5 MPH)
Brian Marut scores
Eric Perry scores
Batting: LHB Adrian Cruz 0-0: SINGLE (Groundball, 4MD, EV 110.0 MPH)
Dustin Dulski to third
Batting: RHB C.J. Chandler 0-0: Called Strike
0-1: Ball
1-1: Ground out 5-3 (Groundball, 56S, EV 66.3 MPH)
Dustin Dulski scores
Adrian Cruz to second
Pitching: LHP Andy Tofio
Batting: RHB David Torres 0-0: Ball
1-0: Swinging Strike
1-1: Swinging Strike
1-2: Strikes out swinging
Bottom of the 9th over - 3 runs, 3 hits, 0 errors, 1 left on base; Pulaski 12 - Great Falls 3
Thursday, March 31st , 2022 - OOTP Baseball 22.12 Build 89